Map: Old Republic LE

Players

HoldTheDoor - Winner!

  • Race: Protoss Protoss
  • League: Diamond
  • Spawn Location: 1:00

IMTRO

  • Race: Zerg Zerg
  • League: Diamond
  • Spawn Location: 7:00

VOD

Have the link to the VOD?

Description

Time

  • Played on: May 12, 2026, 12:45 p.m.
  • Length: 14:32
Show
View Real Time Build Order
Export as new Build Order

HoldTheDoor Protoss - Winner!

Build Orders: 1 Gate Expand, Archon Immortal, Archon Drop, Dark Templar Rush 

Get SALT Encoding   

  12  0:00  Probe  
  13  0:12  Probe  
  14  0:19  Pylon  
  14  0:24  Probe  
  15  0:33  Probe  
  15  0:38  Gateway  
  15  0:41  Probe  
  16  0:48  Assimilator  
  17  0:52  Probe  
  18  1:05  Probe  
  19  1:12  Pylon  
  19  1:31  Nexus  
  19  1:34  Cybernetics Core  
  19  1:35  Probe  
  20  1:43  Assimilator  
  20  1:48  Probe  
  20  1:52  Pylon  
  21  2:00  Probe  
  22  2:04  Stalker  
  22  2:12  Probe  
  23  2:17  Warp Gate  
  25  2:24  Probe  
  25  2:25  Gateway  
  26  2:34  Adept  
  26  2:36  Probe  
  29  2:44  Twilight Council  
  29  3:00  Probe x2  
  31  3:07  Robotics Facility  
  31  3:12  Probe  
  32  3:14  Probe  
  33  3:24  Dark Shrine  
  33  3:29  Probe  
  33  3:30  Probe  
  35  3:36  Pylon  
  35  3:38  Assimilator  
  35  3:41  Probe  
  35  3:42  Probe  
  35  3:44  Warp Prism  
  37  3:53  Probe  
  37  3:54  Probe  
  41  4:01  Gateway  
  41  4:05  Probe  
  41  4:06  Probe, Gateway  
  43  4:18  Probe, Stalker  
  46  4:33  Pylon  
  46  4:34  Pylon  
  46  4:37  Dark Templar  
  44  5:02  Pylon  
  44  5:03  Shield Battery  
  44  5:09  Dark Templar x4  
  50  5:37  Probe x2  
  50  5:42  Charge  
  52  5:45  Immortal  
  56  5:50  Forge  
  56  5:54  Pylon  
  56  5:58  Pylon  
  56  6:04  Stalker x4  
  58  6:10  Archon  
  64  6:18  Archon  
  64  6:34  Nexus  
  64  6:36  Pylon  
  64  6:38  Pylon, Probe x2  
  66  7:14  Probe x2  
  68  7:26  Probe  
  68  7:27  Probe  
  70  7:30  Stalker x4  
  70  7:35  Protoss Ground Weapons Level 1  
  70  7:36  Immortal  
  82  7:39  Probe x2  
  84  7:51  Probe  
  85  7:52  Probe  
  86  7:59  Shield Battery  
  86  8:00  Shield Battery  
  86  8:03  Probe  
  77  8:05  Zealot  
  77  8:06  Zealot x3  
  75  8:15  Probe  
  75  8:16  Probe  
  75  8:17  Shield Battery  
  77  8:21  Immortal  
  81  8:27  Probe  
  81  8:31  Photon Cannon, Probe  
  83  8:34  Pylon  
  83  8:35  Photon Cannon  
  83  8:38  Photon Cannon x2  
  83  8:43  Photon Cannon  
  83  8:47  Zealot x4, Photon Cannon  
  91  8:56  Gateway  
  91  8:57  Gateway  
  91  9:00  Gateway x2  
  91  9:02  Gateway  
  91  9:04  Gateway  
  91  9:06  Gateway  
  91  9:07  Gateway  
  91  9:09  Dark Templar x3  
  97  9:10  Dark Templar  
  97  9:13  Archon  
  97  9:14  Archon  
  99  9:19  Immortal  
  99  9:22  Protoss Ground Armor Level 1  
  103  9:31  Gateway, Photon Cannon  
  103  9:32  Gateway  
  103  9:36  Pylon  
  103  9:38  Pylon  
  103  9:41  Pylon  
  103  9:43  Photon Cannon  
  103  9:48  Photon Cannon  
  103  9:51  Photon Cannon  
  103  9:53  Pylon  
  103  10:12  Zealot x5  
  103  10:13  Zealot x6  
  103  10:14  Zealot  
  127  10:26  Observer  
  124  10:39  Pylon  
  124  10:40  Observer  
  124  10:41  Pylon  
  102  10:43  Stargate  
  93  10:55  Zealot x9  
  93  10:56  Zealot x4  
  115  11:04  Observer  
  116  11:18  Immortal  
  120  11:29  Dark Templar x8  
  136  11:33  Archon x3  
  136  11:34  Archon  
  136  11:44  Zealot x2  
  112  12:13  Zealot x13  
  114  12:31  Immortal  
  114  12:33  Zealot x2  
  114  12:34  Zealot x3  
  122  12:41  Zealot  
  122  12:42  Zealot  
  110  12:58  Zealot x4  
  112  13:08  Zealot x2  
  106  13:21  Observer  
  102  13:46  Probe  
  101  13:51  Pylon  
  101  13:54  Pylon, Cybernetics Core  
  101  13:58  Probe  
  102  14:07  Zealot x2  
  102  14:08  Zealot x2  
  102  14:09  Zealot  
Show
View Real Time Build Order
Export as new Build Order

IMTRO Zerg 

Build Orders: Hatch First, Lurkers 

Get SALT Encoding   

  12  0:01  Drone  
  13  0:09  Drone  
  14  0:15  Extractor, Drone  
  15  0:26  Overlord  
  15  0:44  Hatchery  
  15  0:46  Drone  
  15  0:49  Drone  
  16  0:52  Drone  
  17  0:58  Drone  
  18  1:06  Extractor  
  17  1:13  Spawning Pool  
  17  1:18  Drone  
  17  1:43  Overlord  
  17  1:44  Drone x2  
  19  1:59  Queen  
  21  2:05  Queen  
  23  2:17  Metabolic Boost  
  23  2:26  Drone x4  
  27  2:35  Drone x2  
  29  2:49  Drone  
  30  2:51  Drone  
  30  2:54  Drone  
  30  2:56  Hatchery  
  31  3:00  Zergling x6  
  34  3:09  Overlord x2  
  34  3:22  Zergling x4  
  36  3:28  Spore Crawler x2  
  36  3:30  Zergling x6  
  36  3:31  Zergling x2  
  36  3:33  Zergling x2  
  39  3:46  Zergling x14  
  46  3:51  Drone  
  46  3:52  Queen  
  49  3:59  Drone x2  
  51  4:04  Overlord  
  51  4:13  Queen  
  51  4:16  Drone x3  
  56  4:18  Overlord  
  55  4:38  Drone x8  
  62  4:43  Roach Warren  
  58  4:50  Drone x3  
  60  4:54  Spore Crawler  
  60  4:58  Lair  
  59  5:00  Extractor  
  59  5:02  Extractor  
  59  5:03  Drone x3  
  60  5:15  Drone x3  
  60  5:17  Drone x3  
  66  5:21  Extractor  
  66  5:22  Zergling x8  
  62  5:34  Zergling x8  
  67  5:41  Spore Crawler  
  66  5:52  Drone x3  
  66  5:58  Glial Reconstitution  
  66  6:08  Overseer  
  66  6:10  Pneumatized Carapace  
  66  6:15  Evolution Chamber  
  65  6:19  Hatchery  
  64  6:29  Roach  
  64  6:30  Overlord x3  
  64  6:31  Overlord x5  
  66  6:45  Hatchery  
  64  6:55  Roach x9  
  82  7:08  Roach x4  
  83  7:25  Roach  
  83  7:26  Roach  
  86  7:36  Zerg Missile Weapons Level 1  
  86  7:40  Roach x5  
  94  8:02  Drone  
  94  8:03  Drone x4  
  86  8:18  Hydralisk Den  
  86  8:19  Drone x4  
  92  8:20  Drone x3, Queen  
  94  8:27  Ravager x6  
  100  8:35  Drone x6  
  100  8:38  Extractor  
  100  8:39  Extractor  
  104  8:42  Overseer x2  
  104  8:45  Queen  
  106  8:51  Drone x3  
  106  8:52  Drone x3  
  112  8:56  Queen  
  112  8:57  Muscular Augments  
  112  9:00  Lurker Den  
  113  9:03  Infestation Pit  
  112  9:11  Ravager  
  112  9:12  Ravager  
  114  9:18  Hydralisk x8, Hatchery  
  129  9:32  Zerg Missile Weapons Level 2  
  129  9:34  Overlord x6  
  129  9:35  Overlord  
  129  9:45  Hive  
  129  9:58  Lurker  
  129  9:59  Lurker x3  
  133  10:00  Extractor  
  133  10:01  Zergling x28  
  133  10:05  Extractor  
  145  10:28  Zergling x24  
  150  10:35  Hydralisk  
  157  10:36  Overlord x3  
  129  10:55  Lurker  
  129  10:56  Lurker x3  
  133  10:57  Hydralisk x10  
  151  11:22  Hatchery  
  148  11:30  Zergling x22  
  150  11:54  Hydralisk x11  
  137  12:19  Lurker  
  137  12:20  Lurker x2  
  129  12:23  Lurker x5  
  95  12:59  Lair  
  46  13:43  Zergling x2  
  46  13:44  Zergling x10  
  49  13:56  Zergling x2  
  49  13:57  Overseer x3  
  50  14:06  Drone  
Tags
 
Add a new tag
Caveats
  • Supply blocks, unpowered buildings, or Contaminate may cause inaccurate times.
  • Supply counts are checked every 10 seconds.